 Seeded DCSS version 0.29.1-12-g30fa7ad0bf (webtiles) character file.

Game seed: 20221214 (custom seed)

46 kingsuperguy the Chopper (level 3, -2/33 HPs)
             Began as a Hill Orc Monk on Dec 14, 2022.
             Slain by Sigmund
             ... wielding a +0 scythe
              (8 damage)
             ... on level 2 of the Dungeon.
             The game lasted 00:01:31 (1031 turns).

kingsuperguy the Chopper (Hill Orc Monk)            Turns: 1031, Time: 00:01:31

Health: -2/33      AC:  3    Str: 15    XL:     3   Next: 68%
Magic:  3/3        EV: 11    Int: 10    God:
Gold:   133        SH:  0    Dex: 13    Spells: 2/2 levels left

rFire   . . .      SeeInvis .   a - +0 hand axe
rCold   . . .      Faith    .   f - +0 buckler
rNeg    . . .      Spirit   .   d - +0 leather armour
rPois   .          Reflect  .   (no helmet)
rElec   .          Harm     .   (no cloak)
rCorr   .          Rampage  .   (no gloves)
Will    .....                   (no boots)
Stlth   +.........              (no amulet)
HPRegen 0.11/turn               (no ring)
MPRegen 0.08/turn               (no ring)

@: confused
A: no striking features
a: no special abilities


You were on level 2 of the Dungeon.
You visited 1 branch of the dungeon, and saw 2 of its levels.

You collected 133 gold pieces.

Inventory:

Hand Weapons
 a - a +0 hand axe (weapon)
Armour
 b - a +0 robe
 d - a +0 leather armour (worn)
 f - a +0 buckler (worn)
Scrolls
 k - a scroll of teleportation {unknown}
Potions
 e - a potion of brilliance {unknown}
 g - a potion of degeneration {unknown}
 h - a potion of curing {unknown}
 i - a potion of might {unknown}
 j - a potion of invisibility {unknown}


   Skills:
 + Level 4.1 Fighting
 + Level 5.3 Axes
 + Level 2.6 Dodging
 + Level 1.6 Stealth
 + Level 0.1 Shields


You had 2 spell levels left.
You didn't know any spells.
Your spell library contained the following spells:

 Spells                   Type           Power      Damage    Failure   Level
 Tukima's Dance           Hex            0%         N/A       88%         3
 Passage of Golubria      Tloc           0%         N/A       99%         4
 Yara's Violent Unravell  Hex/Tmut       0%         3d3       100%        5


Dungeon Overview and Level Annotations

Branches:
Dungeon (2/15)

Altars:

Annotations:
D:2 Sigmund


Message History

You miss the adder. The adder barely misses you. Sigmund misses you.
The adder completely misses you.
You hit the adder.
The adder is heavily wounded.
You barely miss Sigmund. The adder bites you. Sigmund casts a spell at you.
The puff of flame hits you.
You are more confused.
You feel invigorated. The adder bites you. Sigmund barely misses you.
You barely miss Sigmund. You hit the adder.
The adder bites you but does no damage. The adder closely misses you.
Sigmund hits you with a +0 scythe!
Sigmund casts a spell.
Sigmund flickers and vanishes!
Deactivating autopickup; reactivate with Ctrl-A.
You hit the adder.
The adder is almost dead.
You miss something. The adder bites you but does no damage. Something hits you!
The adder bites you.
You are poisoned.
The adder poisons you!
You're too confused to move!
You feel sick. The adder closely misses you.
You hear some strange, mumbled words.
Something tries to affect you, but you resist.
You're too confused to move!
You feel less invigorated.
You feel sick. The adder closely misses you. Something hits you.
You hit the adder.
You kill the adder!
You miss something.
You feel sick.
You feel sick. Something hits you.
You're too confused to move!
You feel sick.
You are no longer poisoned.
Something hits you!
* * * LOW HITPOINT WARNING * * *
You feel less confused.
You are confused.
You hear some strange, mumbled words.
You are more confused.
Something hits you!
You die...

#.. ## #.. #.#### ..
#..##.....## #.# .#
#........... #.# .# #
#.#..# #.# #.# ..# #
#.#..# #.# #.##.## #
#.#..###.# ......
####.#....#.# #####..#
.....#.##...####@.....#
.#.....####).##.......#
.#.##### #..##.......#
.#.# #...........#
.#.########...##........
..<.........>########.....
.##########.## ...... ...
...# ...... #### #####
......


There were no monsters in sight!

Vanquished Creatures
  2 adders (D:2)
  3 bats (D:1)
  2 endoplasms
  2 giant cockroaches (D:1)
  4 goblins
  4 hobgoblins
  5 ball pythons (D:1)
  3 frilled lizards (D:1)
  2 rats (D:1)
27 creatures vanquished.

Vanquished Creatures (others)
  A fungus (D:2)
1 creature vanquished.

Grand Total: 28 creatures vanquished

Notes
Turn   | Place    | Note
-------+----------+-------------------------------------------
     0 | D:1      | kingsuperguy the Hill Orc Monk began the quest for the Orb.
     0 | D:1      | Reached XP level 1. HP: 19/19 MP: 1/1
   311 | D:1      | Reached XP level 2. HP: 27/27 MP: 2/2
   742 | D:1      | Reached XP level 3. HP: 29/33 MP: 3/3
   898 | D:2      | Reached skill level 5 in Axes
  1009 | D:2      | Noticed Sigmund
  1031 | D:2      | Slain by Sigmund

Illustrated notes

Levels and vault maps discovered:
D:1:      dpeg_arrival_fog, layout_basic, minmay_tetromino_t2
D:2:      layout_basic, dreamdust_mushroom_princess, chequers_mini_garden,
          guppyfry_early_orc_mine, uniq_crazy_yiuf_cottage, uniq_sigmund

Skill      XL: |  1  2  3 |
---------------+----------+-----
Fighting       | 4 |  4.1
Axes           | 5 |  5.3
Dodging        | |  2.6
Stealth        | |  1.6
Shields        | |  0.1

Action                   || total
-------------------------++-------
Melee: Hand axe          ||    78
  Use: Potion            ||     1
 Stab: Sleeping          ||     1
Armor: Leather armour    ||    19
Dodge: Dodged            ||    54
Block: Buckler           ||     4
